 Dungeon Crawl Stone Soup version 0.23-a0-650-ga4d50d4 (webtiles) character file.

5291 Amnesiac the Geomancer (level 10, 48/48 HPs)
             Began as a Felid Earth Elementalist on Jan 5, 2019.
             Was an Elder of Vehumet.
             Quit the game on level 2 of the Lair of Beasts.
             The game lasted 00:36:29 (16561 turns).

Amnesiac the Geomancer (Felid Earth Elementalist)  Turns: 16561, Time: 00:36:30

Health: 48/48      AC:  2    Str:  4    XL:     10   Next: 37%
Magic:  29/29      EV: 24    Int: 19    God:    Vehumet [****..]
Gold:   500        SH:  0    Dex: 18    Spells: 6/21 levels left
                                        Lives:  1   Deaths: 1

rFire    . . .     SeeInvis +     - Unarmed
rCold    . . .     Gourm    .   (shield unavailable)
rNeg     . . .     Faith    .   (armour unavailable)
rPois    .         Spirit   .   (helmet unavailable)
rElec    .         Reflect  .   (cloak unavailable)
rCorr    .         Harm     +   (gloves unavailable)
MR       +....                  (boots unavailable)
Stlth    +++++.....             C - amulet of harm
HPRegen  0.16/turn              o - ring of magical power
MPRegen  0.21/turn              (no ring)

@: quick
A: very small, no armour, no weapons or thrown items, stealth, claws 1, fangs 3,
see invisible, carnivore, speed 1, shaggy fur 2, slow metabolism 1, sharp paws
a: Renounce Religion


You were on level 2 of the Lair of Beasts.
You worshipped Vehumet.
Vehumet was greatly pleased with you.
You were not hungry.

You visited 3 branches of the dungeon, and saw 12 of its levels.

You collected 500 gold pieces.

Inventory:

Missiles
 f - 131 stones
Jewellery
 o - a ring of magical power (left paw)
 B - the ring of Ilumesoq {MR+ Dex+3 SInv Stlth+, unknown}
   (You found it on level 2 of the Lair of Beasts)

   [ring of see invisible]

   It affects your dexterity (+3).
   It affects your resistance to hostile enchantments.
   It lets you see invisible.
   It makes you more stealthy.
 C - an amulet of harm (around neck)
Wands
 b - a wand of random effects (12)
 e - a wand of iceblast (1)
 q - a wand of acid (1)
 u - a wand of disintegration (24)
Scrolls
 a - 6 scrolls of remove curse {!r}
 d - 6 scrolls of teleportation {!r}
 i - 3 scrolls of amnesia {!r}
 n - 2 scrolls of magic mapping {!r}
 p - 3 scrolls of blinking {!r}
 w - 4 scrolls of identify {!r}
 y - a scroll of fog {!r, unknown}
 z - a scroll of summoning {!r, unknown}
 A - a scroll of noise {!r, unknown}
 D - a scroll of enchant weapon {!r, unknown}
Potions
 g - a potion of invisibility {!q}
 h - 6 potions of curing {!q}
 j - 2 potions of cancellation {!q}
 k - a potion of berserk rage {!q}
 l - 2 potions of flight {!q}
 m - 2 potions of agility {!q}
 r - a potion of resistance {!q, unknown}
 s - a potion of haste {!q, unknown}
 t - 2 potions of might {!q}
 v - a potion of ambrosia {!q}
 x - 4 potions of heal wounds {!q}
Comestibles
 c - 22 rations


   Skills:
 - Level 8.0 Fighting
 - Level 8.1 Dodging
 - Level 9.0 Stealth
 - Level 3.0 Unarmed Combat
 - Level 6.0 Spellcasting
 - Level 2.0 Transmutations
 + Level 11.1 Earth Magic


You had 6 spell levels left.
You knew the following spells:

 Your Spells              Type           Power        Failure   Level  Hunger
a - Sandblast             Erth           #####.       1%          1    None
b - Passwall              Tmut/Erth      ####....     1%          2    None
c - Stone Arrow           Conj/Erth      ####..       1%          3    ##.....
d - Lee's Rapid Deconstr  Erth           #####.....   1%          5    #####..
e - Petrify               Tmut/Erth      ####....     8%          4    ####...

Your spell library contained the following spells:

 Spells                   Type           Power        Failure   Level  Hunger
 Inner Flame              Hex/Fire       #.......     9%          3    ##.....
 Summon Small Mammal      Summ           #...         11%         1    None
 Call Imp                 Summ           #.......     17%         2    None
 Call Canine Familiar     Summ           #.......     32%         3    ##.....
 Summon Guardian Golem    Hex/Summ       #.......     32%         3    ##.....
 Irradiate                Conj/Tmut      #.........   45%         5    #####..
 Summon Ice Beast         Ice/Summ       #.......     73%         4    ####...
 Summon Lightning Spire   Summ/Air       #.......     73%         4    ####...
 Statue Form              Tmut/Erth      ####.....    75%         6    #######
 Hydra Form               Tmut           ##........   100%        6    #######
 Dragon Form              Tmut           ##........   100%        7    #######


Dungeon Overview and Level Annotations

Branches:
Dungeon (9/15)             Temple (1/1) D:6            Lair (2/6) D:9
  Snake (0/4) Lair:2
  Swamp: Lair:2-4    Shoals: Lair:2-4       Orc: D:9-12

Altars:
Ashenzari
Cheibriados
Dithmenos
Elyvilon
Fedhas
Gozag
Hepliaklqana
Kikubaaqudgha
Makhleb
Nemelex Xobeh
Okawaru
Qazlal
Ru
Sif Muna
Trog
Uskayaw
Vehumet
Wu Jian
Xom
Yredelemnul
Zin
The Shining One

Shops:
D:5 [=

Annotations:
Lair:1 exclusion: 4 oklob plants
Lair:2 Erica


Innate Abilities, Weirdness & Mutations

You cannot wear armour.
You are incapable of wielding weapons or throwing items.
Your paws allow you to move quietly. (Stealth)
You have sharp claws.
You have razor-sharp teeth.
You have supernaturally acute eyesight. (SInv)
You are carnivorous and can eat meat at any time.
You cover ground quickly.
You are covered in thick fur. (AC +2)
You have a slow metabolism.
Your sharp claws are effective at attacking unaware monsters.


Message History

Confirm with . or Enter, or press ? or * to list all spells.
Aiming: Petrify (slightly dangerous; 16% risk of failure)
Press: ? - help, Shift-Dir - straight line, f/p - Erica
Aim: Erica, wielding a +1 scimitar of flaming, wearing a +1 robe of magic Erica resists with almost no effort.
Unknown command.
You see here 25 sling bullets.
There is a stone staircase leading up here.
You start resting.
Erica is too close now for your liking.
You climb upwards.
Level annotation: exclusion: 4 oklob plants
There is a stone staircase leading down here.
There is a stone staircase leading down here.
You start resting.
Magic restored.
You start resting.
Magic restored.
You start resting.
HP restored.
You start resting.
HP restored.
You climb downwards.
Level annotation: Erica
There is a stone staircase leading up here.
Key pressed, stopping explore.
Found 8 arrows.
h - 5 potions of curing {!q} (gained 1)
D - a scroll labeled CAANAE LARUO {!r}
c - 21 rations (gained 1)
Found 21 sling bullets.
f - 131 stones (gained 23)
Found a stone staircase leading up.
x - 4 potions of heal wounds {!q} (gained 2)
Found 6 poisoned needles.
Found a ring mail.
h - 6 potions of curing {!q} (gained 1)
c - 22 rations (gained 1)
A spiny frog comes into view.
A spiny frog is nearby!
A spiny frog is nearby!
A spiny frog is nearby!
A spiny frog is nearby!
You pounce on the unaware helpless spiny frog!
You mangle the spiny frog!!
The spiny frog is severely wounded.
The spiny frog closely misses you.
Casting: Petrify (slightly dangerous; 16% risk of failure)
Confirm with . or Enter, or press ? or * to list all spells.
Aiming: Petrify (slightly dangerous; 16% risk of failure)
Press: ? - help, Shift-Dir - straight line, f - spiny frog
Aim: a spiny frog (severely wounded, chance to defeat MR: 52%)
The spiny frog is moving more slowly.
The spiny frog stings you!!
Ouch! That really hurt!
* * * LOW HITPOINT WARNING * * *
The spiny frog stings you!!
You die...
You are now level 10!
You rejoin the land of the living...
Unknown command.
Unknown command.
You can't grasp things well enough to throw them.
Unknown command.
Are you sure you want to abandon this character and quit the game? (Confirm

#....#..........P....#.....
##.###..........+....P.....
#.##P..#.......#..........
##.......##....#.....#.....
#....................#.....
##...(..#.#................
##...#.###....#............
#.......###..##P...........
#....#.###@..##......#..#+#
#......##...####...........
##...#..#..## #.....#.....P
#†..#.###.# ##...........
#.F....##.. #P<.#.......+
#...#.###.. ##..#..#.##.#
#.......... ..............
#..............######..#..
#.............# ####..


There were no monsters in sight!

Vanquished Creatures
  A hydra (Lair:1)
  Pikel (D:5)
  A cyclops (D:9)
  3 spiny frogs (Lair:1)
  A troll (D:9)
  2 hippogriffs
  Sigmund (D:6)
  4 yaks (Lair:1)
  Eustachio (D:6)
  6 water moccasins
  3 porcupines
  4 orc warriors
  2 sky beasts
  4 slaves
  3 black bears
  An eye of draining (D:9)
  5 ogres
  3 necrophages
  3 wolves (D:9)
  4 centaurs
  4 crocodiles
  5 bullfrogs
  4 scorpions
  7 killer bees
  2 electric eels (D:9)
  2 howler monkeys (D:5)
  3 crimson imps
  A centaur zombie (D:6)
  A quasit (D:9)
  10 hounds
  3 jellies (D:9)
  14 orc wizards
  9 orc priests
  A bullfrog skeleton (D:8)
  2 gnoll shamans (D:4)
  2 iguanas
  Jessica (D:2)
  7 worker ants
  Natasha (thrice) (D:3)
  Ijyb (D:4)
  3 hell rats (D:5)
  Robin (D:2)
  9 adders
  30 gnolls (D:4)
  4 river rats (D:5)
  2 shadow imps
  2 oozes
  2 adder zombies
  An adder skeleton (D:7)
  4 dart slugs (D:1)
  3 leopard geckos
  48 orcs
  4 ball pythons
  5 giant cockroaches
  22 goblins
  18 hobgoblins
  29 jackals
  3 quokkas
  6 bats
  3 frilled lizards
  10 kobolds
  2 leopard gecko skeletons
  18 rats
364 creatures vanquished.

Vanquished Creatures (others)
  2 fungi (Lair:1)
  A plant (Lair:1)
3 creatures vanquished.

Grand Total: 367 creatures vanquished

Notes
Turn   | Place    | Note
-------+----------+-------------------------------------------
     0 | D:1      | Amnesiac the Felid Earth Elementalist began the quest for
                  | the Orb.
     0 | D:1      | Reached XP level 1. HP: 7/7 MP: 4/4
    96 | D:1      | Reached skill level 3 in Earth Magic
   358 | D:4      | Reached XP level 2. HP: 11/11 MP: 3/6
   393 | D:4      | Reached XP level 3. HP: 14/14 MP: 0/7
   397 | D:4      | Learned a level 2 spell: Passwall
   806 | D:4      | Reached skill level 4 in Earth Magic
   806 | D:4      | Reached XP level 4. HP: 17/18 MP: 5/9
   815 | D:4      | Learned a level 4 spell: Petrify
   828 | D:4      | Found a stormy altar of Qazlal.
   938 | D:5      | Entered Level 5 of the Dungeon
  1128 | D:4      | Noticed an ogre
  1210 | D:4      | Reached XP level 5. HP: 21/21 MP: 4/10
  1348 | D:4      | Noticed Ijyb
  1388 | D:4      | Killed an ogre
  1388 | D:4      | Reached skill level 5 in Earth Magic
  1585 | D:4      | Gained mutation: You are covered in thick fur. (AC +2)
                  | [Felid growth]
  1585 | D:4      | Reached XP level 6. HP: 14/24 MP: 1/12
  1661 | D:4      | Learned a level 5 spell: Lee's Rapid Deconstruction
  1975 | D:5      | Found an ancient bone altar of Kikubaaqudgha.
  2308 | D:5      | Found Ablur's Jewellery Shoppe.
  2330 | D:5      | Found Heuv Wuy's Antique Armour Shop.
  2465 | D:5      | Reached skill level 6 in Earth Magic
  2561 | D:5      | Noticed a water moccasin
  2701 | D:5      | Reached XP level 7. HP: 21/27 MP: 1/14
  2802 | D:5      | Found a deep blue altar of Sif Muna.
  3470 | D:5      | Learned a level 3 spell: Stone Arrow
  4039 | D:5      | Reached skill level 7 in Earth Magic
  4056 | D:5      | Found the +2 ratskin cloak {+Rats rPois rN+ Str-1 Int-1
                  | Dex+1}
  4244 | D:5      | Reached skill level 1 in Unarmed Combat
  4244 | D:5      | Reached skill level 5 in Spellcasting
  4383 | D:5      | Reached XP level 8. HP: 17/31 MP: 4/16
  4535 | D:6      | Found a staircase to the Ecumenical Temple.
  4538 | D:6      | Noticed Pikel
  4542 | Temple   | Entered the Ecumenical Temple
  4913 | D:2      | Noticed Jessica
  4916 | D:2      | Killed Jessica
  5110 | D:2      | Noticed Robin
  5136 | D:2      | Killed Robin
  5542 | D:2      | Found an iron altar of Okawaru.
  6069 | D:3      | Noticed Natasha
  6114 | D:3      | Killed Natasha
  6375 | D:3      | Noticed Natasha
  6376 | D:3      | Killed Natasha
  6555 | D:3      | Noticed Natasha
  6560 | D:3      | Killed Natasha
  6795 | D:6      | Noticed Eustachio
  7208 | D:6      | Killed Eustachio
  7208 | D:6      | Reached skill level 8 in Earth Magic
  8003 | D:6      | Noticed Sigmund
  8027 | D:6      | Reached skill level 5 in Dodging
  8027 | D:6      | Reached XP level 9. HP: 16/34 MP: 4/18
  8372 | D:5      | Killed Pikel
  8455 | D:6      | Killed Sigmund
  8455 | D:6      | Reached skill level 1 in Fighting
  9194 | D:7      | Reached skill level 5 in Stealth
  9598 | D:7      | Found a shadowy altar of Dithmenos.
  9820 | D:7      | Found a radiant altar of Vehumet.
  9822 | D:7      | Found a snail-covered altar of Cheibriados.
  9824 | D:7      | Found a sparkling altar of Nemelex Xobeh.
  9837 | D:7      | Became a worshipper of Vehumet
 10108 | D:7      | Reached skill level 5 in Fighting
 10963 | D:4      | Reached * piety under Vehumet
 10963 | D:4      | Offered knowledge of Flame Tongue by Vehumet.
 11274 | D:4      | Killed Ijyb
 11708 | D:1      | Reached XP level 10. HP: 45/45 MP: 0/20
 11961 | D:1      | Reached ** piety under Vehumet
 12457 | D:8      | Offered knowledge of Magic Dart by Vehumet.
 12677 | D:8      | Found a shattered altar of Ashenzari.
 12822 | D:8      | Found a blossoming altar of Fedhas.
 13302 | D:9      | Found a sacrificial altar of Ru.
 13302 | D:9      | Found a white marble altar of Elyvilon.
 13318 | D:9      | Found a hide-covered altar of Uskayaw.
 13447 | D:9      | Offered knowledge of Mephitic Cloud by Vehumet.
 13448 | D:9      | Noticed a cyclops
 13478 | D:9      | Killed a cyclops
 13710 | D:9      | Found an ornate altar of the Wu Jian Council.
 13719 | D:9      | Reached *** piety under Vehumet
 14041 | D:9      | Reached skill level 9 in Earth Magic
 14044 | D:9      | Offered knowledge of Inner Flame by Vehumet.
 14437 | D:9      | Found a staircase to the Lair.
 14601 | Lair:1   | Entered Level 1 of the Lair of Beasts
 14629 | Lair:1   | Noticed an oklob plant
 14631 | Lair:1   | Noticed an oklob plant
 14631 | Lair:1   | Noticed an oklob plant
 14631 | Lair:1   | Noticed an oklob plant
 14971 | Lair:1   | Reached XP level 11. HP: 51/51 MP: 21/21
 15006 | Lair:1   | Reached skill level 10 in Earth Magic
 15193 | Lair:1   | Noticed a four-headed hydra
 15223 | Lair:1   | Killed a four-headed hydra
 15574 | Lair:1   | Reached **** piety under Vehumet
 15643 | Lair:1   | Reached skill level 11 in Earth Magic
 15968 | Lair:2   | Got a glittering wooden ring
 16027 | Lair:2   | Found a staircase to the Snake Pit.
 16163 | Lair:2   | Noticed Erica
 16560 | Lair:2   | Slain by a spiny frog
 16561 | Lair:2   | Reached XP level 10. HP: 0/48 MP: 26/29
 16561 | Lair:2   | Quit the game

Vault maps used:
D:1:      wheals_arrival_linesprint, serial_glass, glass_columns_c,
          glass_columns_c, corexii_hall_statues_i, minmay_heptomino_l4
D:2:      marbit_many_paths, uniq_robin, uniq_jessica
D:3:      first_ration, uniq_natasha
D:4:      lemuel_castle_with_subvaults, lemuel_round_altar,
          minmay_misc_feat_enclosed, chequers_serial_rivers_micro_e,
          chequers_decorated_corner, kennysheep_generic_room_14, uniq_ijyb
D:5:      wander_guarded_unrand_ratskin, basic_altar, serial_shops,
          nicolae_shop_behind_doors, shop_fountains, lemuel_blue_sif_altar
D:6:      minmay_temple_entry_overgrown, item_on_display_a, uniq_sigmund,
          uniq_pikel, uniq_eustachio
D:7:      grunt_temple_overflow_diamond, nicolae_dithmenos_the_darkroom
D:8:      fedhas_bush_and_centaur_altar, kennysheep_mini_moat
D:9:      lemuel_crystal_altar, minitemple, erik_lair_island
Temple:   eino_temple_lava
Lair:1:   minmay_lair_oklob_chamber
Lair:2:   dummy_snake_entry, lemuel_fruit_tree, uniq_erica

Skill      XL: |  1  2  3  4  5  6  7  8  9 10 11 |
---------------+----------------------------------+-----
Earth Magic    | 3 4 5 6 7 8 9 11 | 11.1
Spellcasting   | 3 4 5 6 |  6.0
Stealth        | 3 4 6 9 |  9.0
Unarmed Combat | 1 2 3 |  3.0
Dodging        | 5 8 |  8.1
Fighting       | 6 8 |  8.0
Transmutations | 2 |  2.0

Action                   |  1- 3 |  4- 6 |  7- 9 | 10-12 || total
-------------------------+-------+-------+-------+-------++-------
Melee: Unarmed           |     3 |   115 |   454 |   105 ||   677
       Bite              |     1 |    20 |    43 |     8 ||    72
 Cast: Sandblast         |    26 |    45 |    14 |    35 ||   120
       Passwall          |       |     3 |     3 |     3 ||     9
       Petrify           |       |    14 |    71 |    38 ||   123
       Lee's Rapid Decon |       |       |    49 |    79 ||   128
       Stone Arrow       |       |       |    55 |    20 ||    75
Evoke: Wand              |       |       |    14 |    10 ||    24
  Use: Scroll            |       |     2 |    10 |     4 ||    16
 Stab: Sleeping          |     1 |     1 |    14 |     4 ||    20
       Petrified         |       |    61 |   171 |    23 ||   255
       Petrifying        |       |       |    15 |     5 ||    20
       Distracted        |       |       |     1 |       ||     1
  Eat: Chunk             |     6 |     4 |    54 |    31 ||    95
Armor: Skin              |     1 |     7 |    17 |     3 ||    28
Dodge: Dodged            |    11 |    67 |   301 |   108 ||   487

Table legend:
 A = Non-vault XP
 B = Vault XP
 C = Vault XP percentage of total XP
 D = Non-vault monster count
 E = Vault monster count
 F = Vault count percentage of total count
                 A         B        C        D         E       F
            +---------+---------+-------+---------+---------+-------
      Total |   11819 |    3212 |  21.4 |     254 |     106 |  29.4
            +---------+---------+-------+---------+---------+-------
        D:1 |      65 |       7 |   9.7 |      31 |       3 |   8.8
        D:2 |      74 |      77 |  51.0 |      24 |      15 |  38.5
        D:3 |     116 |      35 |  23.2 |      20 |       1 |   4.8
        D:4 |     319 |     696 |  68.6 |      12 |      52 |  81.2
        D:5 |     920 |     784 |  46.0 |      21 |      22 |  51.2
        D:6 |     855 |     433 |  33.6 |      17 |       2 |  10.5
        D:7 |    1187 |       0 |   0.0 |      37 |       0 |   0.0
        D:8 |    1254 |     118 |   8.6 |      28 |       1 |   3.4
        D:9 |    2492 |     808 |  24.5 |      45 |       8 |  15.1
     Lair:1 |    4173 |     254 |   5.7 |      16 |       2 |  11.1
     Lair:2 |     364 |       0 |   0.0 |       3 |       0 |   0.0
            +---------+---------+-------+---------+---------+-------
